 Dungeon Crawl Stone Soup version 0.27.1-34-g3ba077fa99 (webtiles) character file.

Game seed: 9326826642720315884

3383 LLlMATKO the Fighter (level 9, -12/83 HPs)
             Began as a Minotaur Berserker on Jan 19, 2022.
             Was an Elder of Trog.
             Killed from afar by a steam dragon (15 damage)
             ... with a ball of steam
             ... on level 8 of the Dungeon.
             The game lasted 00:07:29 (10492 turns).

LLlMATKO the Fighter (Minotaur Berserker)          Turns: 10492, Time: 00:07:30

Health: -12/83     AC: 13    Str: 28    XL:     9   Next: 74%
Magic:  8/8        EV:  8    Int:  4    God:    Trog [****..]
Gold:   481        SH: 10    Dex: 13    Spells: 8/8 levels left

rFire    . . .     SeeInvis +   F - +0 broad axe
rCold    . . .     Faith    .   E - +0 kite shield
rNeg     . . .     Spirit   .   p - +0 plate armour
rPois    .         Reflect  .   (helmet restricted)
rElec    .         Harm     .   (no cloak)
rCorr    .         Rampage  .   (no gloves)
Will     .....                  (no boots)
Stlth    ..........             (no amulet)
HPRegen  0.23/turn              B - ring of see invisible
MPRegen  0.11/turn              a - +6 ring of strength

@: on berserk cooldown, slowed, very slow
A: horns 2, retaliatory headbutt
a: Renounce Religion, Berserk, Trog's Hand, Brothers in Arms


You were on level 8 of the Dungeon.
You worshipped Trog.
Trog was greatly pleased with you.
You visited 1 branch of the dungeon, and saw 8 of its levels.

You collected 481 gold pieces.

Inventory:

Hand Weapons
 D - a +6 trident of flaming
 F - a +0 broad axe (weapon)
Missiles
 d - 48 sling bullets
 f - 4 atropa-tipped darts (quivered)
 g - 38 bolts
 k - 6 boomerangs
 u - 7 poisoned darts
Armour
 p - a +0 plate armour (worn)
 E - a +0 kite shield (worn)
Jewellery
 a - a +6 ring of strength (right hand)
 h - a ring of protection from fire
 B - a ring of see invisible (left hand)
Wands
 e - a wand of flame (16)
 i - a wand of digging (10)
 w - a wand of charming (13)
Scrolls
 b - 3 scrolls of identify {unknown}
 c - 4 scrolls of magic mapping {unknown}
 o - 2 scrolls of blinking {unknown}
 s - 6 scrolls of immolation {unknown}
 v - 3 scrolls of noise {unknown}
 x - a scroll of enchant weapon {unknown}
 y - a scroll of enchant armour {unknown}
 z - a scroll of vulnerability {unknown}
 A - a scroll of teleportation {unknown}
 C - a scroll of fear {unknown}
Potions
 j - a potion of haste {unknown}
 l - a potion of brilliance {unknown}
 m - 3 potions of heal wounds {unknown}
 n - 3 potions of curing {unknown}
 q - a potion of magic {unknown}
 r - a potion of ambrosia {unknown}
 t - 3 potions of flight {unknown}


   Skills:
 + Level 9.0 Fighting
 + Level 8.9 Axes
 + Level 8.5 Armour
 + Level 7.7 Dodging
 + Level 3.2 Shields


You had 8 spell levels left.
You didn't know any spells.
Your spell library was empty.

Dungeon Overview and Level Annotations

Branches:
Dungeon (8/15)             Temple (0/1) D:5
   Lair: D:8-11

Altars:
Dithmenos
Hepliaklqana
Makhleb
Okawaru
Qazlal

Shops:
D:1 [

Annotations:
D:5 2 transporters, sankara's ghost, amateur MiTm


Innate Abilities, Weirdness & Mutations

You have a pair of horns on your head.
You reflexively headbutt those who attack you in melee.


Message History

You feel sick.
The killer bee stings you but does no damage.
You barely miss the killer bee.
The killer bee is severely wounded.
You feel sick. You block the killer bee's attack. x2
Your shield prevents you from hitting the killer bee.
Your headbutt misses the killer bee.
The killer bee is severely wounded.
You feel sick. You block the killer bee's attack.
The killer bee stings you but does no damage.
You barely miss the killer bee. Your headbutt misses the killer bee.
The killer bee is severely wounded.
You are no longer berserk.
You are exhausted.
You feel yourself slow down.
You feel sick. You block the killer bee's attack. The killer bee stings you.
You miss the killer bee.
The killer bee is severely wounded.
You feel sick.
You are no longer poisoned.
The killer bee closely misses you. You furiously retaliate!
You headbutt the killer bee!
You kill the killer bee!
Trog accepts your kill.
Your Fighting skill increases to level 9!
A steam dragon comes into view.
Items here: (( ))).
The steam dragon hisses angrily.
The steam dragon breathes steam at you. The ball of steam hits you!
* * * LOW HITPOINT WARNING * * *
You see here a +0 hand axe.
You are engulfed in a cloud of scalding steam.
* * * LOW HITPOINT WARNING * * *
There is a stone staircase leading up here.
You are engulfed in a cloud of scalding steam.
* * * LOW HITPOINT WARNING * * *
The steam dragon breathes steam at you. The ball of steam hits you!
You die...

..........# #....#.# .#........#
####..#.#.# .#........#
#.....#.#.#
.#..(.....###.....#.#.##.#
....................#.##.#
.##########.#....####.##.###
............§....'..........
#####.###...#D§..#.......##
..))........#..§@#)..)....#
.#).#..#....#....)[.......# ####
##)'##...........[(.......# ...#.
#....###.####.#####....[[.##...'.
......##... #.##........[......#+
.#$$#..####.#.##.######.##.......
.$##$..# #.##.# #..#.<..... .$
$..# ..##.# ............. .# #..#
####.# ........###..


You could see a steam dragon (catching breath).

Vanquished Creatures
  3 orc warriors
  3 ice beasts
  4 sky beasts
  3 ogres (D:5)
  5 centaurs
  A kobold brigand (D:4)
  3 bullfrogs
  A wyvern zombie (D:7)
  A scorpion (D:5)
  2 water moccasin zombies (D:5)
  A gnoll sergeant (D:7)
  8 killer bees
  3 howler monkeys
  3 hounds
  A jelly (D:6)
  2 orc priests (D:8)
  A centaur skeleton (D:4)
  An iguana (D:4)
  6 orc wizards
  A killer bee zombie (D:7)
  A howler monkey zombie (D:5)
  2 howler monkey skeletons
  6 adders
  10 gnolls
  3 shadow imps
  5 white imps
  2 ufetubi
  A worm (D:4)
  An adder skeleton (D:4)
  5 dart slugs
  19 orcs
  9 bats
  10 endoplasms
  2 giant cockroaches (D:1)
  10 goblins
  8 hobgoblins
  7 jackals
  6 kobolds
  7 quokkas
  7 ball pythons
  A frilled lizard (D:3)
  3 rats
178 creatures vanquished.

Notes
Turn   | Place    | Note
-------+----------+-------------------------------------------
     0 | D:1      | LLlMATKO the Minotaur Berserker began the quest for the
                  | Orb.
     0 | D:1      | Reached XP level 1. HP: 19/19 MP: 0/0
    16 | D:1      | Found Gesixan's Antique Armour Boutique.
   112 | D:1      | Reached XP level 2. HP: 23/27 MP: 1/1
   315 | D:1      | Reached skill level 4 in Fighting
   379 | D:1      | Found a faded altar of an unknown god.
   937 | D:2      | Reached XP level 3. HP: 33/33 MP: 2/2
  1376 | D:2      | Reached ** piety under Trog
  1427 | D:2      | Reached XP level 4. HP: 37/41 MP: 3/3
  2932 | D:3      | Found a stormy altar of Qazlal.
  2932 | D:3      | Found an iron altar of Okawaru.
  3233 | D:3      | Found a hazy altar of Hepliaklqana.
  3234 | D:3      | Found a faded altar of an unknown god.
  3244 | D:3      | Reached XP level 5. HP: 47/47 MP: 4/4
  3753 | D:3      | Found a stormy altar of Qazlal.
  3753 | D:3      | Found an iron altar of Okawaru.
  3925 | D:3      | Found a hazy altar of Hepliaklqana.
  3926 | D:3      | Found a faded altar of an unknown god.
  4914 | D:4      | Reached skill level 5 in Fighting
  4914 | D:4      | Reached skill level 5 in Axes
  4949 | D:4      | Reached *** piety under Trog
  4956 | D:4      | Reached XP level 6. HP: 56/56 MP: 5/5
  5886 | D:5      | Entered Level 5 of the Dungeon
  6088 | D:5      | Reached skill level 5 in Armour
  6115 | D:5      | Reached XP level 7. HP: 61/62 MP: 6/6
  6150 | D:5      | Found a staircase to the Ecumenical Temple.
  6220 | D:5      | Found a shadowy altar of Dithmenos.
  6248 | D:5      | Found a transporter.
  6249 | D:5      | Noticed sankara's ghost (amateur MiTm)
  6249 | D:5      | Identified the +10 dire flail "Zyniw" {holy, rElec rF-
                  | Dex+4}
  6250 | D:5      | Found a transporter.
  6257 | D:5      | Reached skill level 6 in Fighting
  6260 | D:5      | Reached skill level 5 in Dodging
  6431 | D:5      | Reached XP level 8. HP: 65/71 MP: 7/7
  6639 | D:5      | Reached skill level 7 in Fighting
  6737 | D:5      | Found a staircase to the Ecumenical Temple.
  6831 | D:5      | Found a transporter.
  6838 | D:5      | Found a transporter.
  6859 | D:5      | Found a shadowy altar of Dithmenos.
  7660 | D:6      | Reached **** piety under Trog
  8611 | D:7      | Reached XP level 9. HP: 57/81 MP: 8/8
  8890 | D:7      | Reached skill level 8 in Fighting
  9346 | D:7      | Found a burning altar of Makhleb.
  9924 | D:8      | Reached skill level 1 in Shields
 10475 | D:8      | Reached skill level 9 in Fighting
 10492 | D:8      | HP: 3/83 [steam dragon] (3)]
 10492 | D:8      | Killed from afar by a steam dragon

Illustrated notes

Levels and vault maps discovered:
D:1:      minmay_arrival_glassed_features, layout_loops_ring,
          basic_ecumenical_altar, serial_shops, nicolae_shop_behind_doors,
          minivault_4, kennysheep_decorative_pillar
D:2:      minmay_diamond_boxcup, layout_loops_corners
D:3:      layout_basic, beargit_hepliaklqana_dungeon_heroes,
          gammafunk_temple_overflow_wave
D:4:      layout_gridville, minmay_joined_circles
D:5:      layout_gridville, lemuel_doored_altar, minmay_temple_entry_slanted,
          gammafunk_ghost_smash
D:6:      layout_basic, minmay_fractal_squares_gapless_5
D:7:      layout_loops_ring, mainiacjoe_overflow_24_doors
D:8:      minmay_polygon_palace, layout_basic

Skill      XL: |  1  2  3  4  5  6  7  8  9 |
---------------+----------------------------+-----
Axes           | 4 5 6 7 8 |  8.9
Fighting       | 4 5 6 7 9 |  9.0
Armour         | 3 4 5 6 7 8 |  8.5
Dodging        | 3 4 5 6 7 |  7.7
Shields        | 3 |  3.2

Action                   |  1- 3 |  4- 6 |  7- 9 || total
-------------------------+-------+-------+-------++-------
Melee: Hand axe          |    73 |   168 |   195 ||   436
       Headbutt          |     6 |    29 |    58 ||    93
       Broad axe         |       |       |    52 ||    52
Invok: Berserk           |       |     4 |     9 ||    13
Armor: Animal skin       |     6 |       |       ||     6
       Ring mail         |    26 |    34 |       ||    60
       Plate armour      |       |    48 |   150 ||   198
Dodge: Dodged            |    50 |    82 |   106 ||   238
Block: Kite shield       |       |       |    48 ||    48
